 Dungeon Crawl Stone Soup version 0.26.0-45-g9c1d065592 (console) character file.

Game seed: 13538206437200609545

2801865 asdu the Annihilator (level 27, 184/184 HPs)
             Began as a Tengu Fire Elementalist on Jan 26, 2021.
             Was the Champion of Vehumet.
             Escaped with the Orb
             ... and 5 runes on Feb 1, 2021!
             The game lasted 11:35:26 (93138 turns).

asdu the Annihilator (Tengu Fire Elementalist)     Turns: 93138, Time: 11:35:26

Health: 184/184    AC: 14    Str: 15    XL:     27
Magic:  73/73      EV: 34    Int: 36    God:    Vehumet [******]
Gold:   7346       SH: 18    Dex: 14    Spells: 8/70 levels left

rFire    + + .     SeeInvis .   e - staff of conjuration {!a}
rCold    + . .     Faith    .   c - +5 kite shield {rC+ rF+}
rNeg     . . .     Spirit   +   a - +2 robe {Archmagi}
rPois    +         Reflect  .   S - +3 hat of Pondering {ponderous, Will+ MP+10 Int+5}
rElec    +         Harm     .   M - +2 cloak {rPois}
rCorr    .         Rampage  .   Y - +2 pair of gloves of Mental Paralysis {+Blink rElec}
Will     +++..                  (boots unavailable)
Stlth    +.........             C - amulet of the Peasants {Spirit Str+4 Int+6 Stlth-}
HPRegen  0.80/turn              L - ring of fire
MPRegen  0.43/turn              r - ring "Cejummuv" {rC+ MP+9}

@: flying quickly and evasively
A: beak, talons 3, clumsy 1, high mp 1, regeneration 1, shaggy fur 1, able to
fly
0: Orb of Zot
}: 5/15 runes: serpentine, barnacled, slimy, silver, abyssal
a: Stop Flying, Renounce Religion, Evoke Blink


You escaped.
You worshipped Vehumet.
Vehumet was exalted by your worship.
You visited 13 branches of the dungeon, and saw 59 of its levels.
You visited the Abyss 1 time.
You visited 3 bazaars.
You visited 1 ziggurat, and saw 19 of its levels.
You also visited: Sewer, Bailey and Wizlab.

You collected 9995 gold pieces.
You spent 2649 gold pieces at shops.

Inventory:

Missiles
 H - 11 throwing nets
Armour
 a - a +2 robe of the Archmagi (worn)
 c - a +5 kite shield of resistance (worn)
 y - a +2 cloak of stealth
 z - the -2 hat of the Alchemist {rElec rPois rF+ rC+ rN+ Will+ rMut rCorr}
   (You found it in a wizard's laboratory)

   It protects you from fire.
   It protects you from cold.
   It insulates you from electricity.
   It protects you from poison.
   It protects you from negative energy.
   It affects your willpower, your defense against some magical effects.
   It provides partial protection from all sources of acid and corrosion.
   It protects you from mutation.
 M - a +2 cloak of poison resistance (worn)
 S - the +3 hat of Pondering (worn) {ponderous, Will+ MP+10 Int+5}
   (You found it on level 2 of the Depths)

   It affects your intelligence (+5).
   It affects your willpower, your defense against some magical effects.
   It affects your magic capacity (+10).
 Y - the +2 pair of gloves of Mental Paralysis (worn) {+Blink rElec}
   (You acquired it on level 5 of the Realm of Zot)

   It insulates you from electricity.
   It lets you blink.
Magical Staves
 e - an uncursed staff of conjuration (weapon) {!a}
 q - an uncursed staff of air
 w - an uncursed staff of fire
Jewellery
 h - the amulet of Vitality {Regen+ HP+15}
   (You took it off a mummy priest on level 2 of the Crypt)

   [amulet of regeneration]

   It affects your health (+15).
   It increases your rate of regeneration.
 i - the ring of Dopiss {AC+4 Dex+4 Slay+2 SInv}
   (You found it on level 13 of the Dungeon)

   [ring of protection]

   It affects your AC (+4).
   It affects your dexterity (+4).
   It affects your accuracy and damage with ranged weapons and melee attacks
   (+2).
   It lets you see invisible.
 r - the ring "Cejummuv" (right hand) {rC+ MP+9}
   (You found it on level 1 of the Lair of Beasts)

   [ring of magical power]

   It protects you from cold.
   It affects your magic capacity (+9).
 t - the ring "Xeuxta" {rF++ Will+}
   (You found it on level 13 of a ziggurat)

   [ring of willpower]

   It greatly protects you from fire.
   It affects your willpower, your defense against some magical effects.
 u - the ring "Jextepoh" {rPois rC+ rN+ Int+2}
   (You took it off a skeletal warrior on level 3 of the Crypt)

   [ring of positive energy]

   It affects your intelligence (+2).
   It protects you from cold.
   It protects you from poison.
   It protects you from negative energy.
 C - the amulet of the Peasants (around neck) {Spirit Str+4 Int+6 Stlth-}
   (You found it on level 2 of the Depths)

   [amulet of guardian spirit]

   It causes incoming damage to be split between your health and magic.
   It affects your strength (+4).
   It affects your intelligence (+6).
   It makes you less stealthy.
 L - a ring of fire (left hand)
 O - the amulet "Noilialo" {Regen+ Int+5 Dex+4}
   (You found it on level 3 of the Realm of Zot)

   [amulet of regeneration]

   It affects your intelligence (+5).
   It affects your dexterity (+4).
   It increases your rate of regeneration.
 U - the ring of Optimism {rN+ Str-2 Int+7 SInv Stlth+}
   (You found it on level 7 of a ziggurat)

   [ring of see invisible]

   It affects your strength (-2).
   It affects your intelligence (+7).
   It protects you from negative energy.
   It lets you see invisible.
   It makes you more stealthy.
 Z - the ring "Borhock" {*Corrode +Blink rC+ Will+++ AC+4}
   (You found it on level 11 of a ziggurat)

   [ring of protection]

   It affects your AC (+4).
   It protects you from cold.
   It affects your willpower, your defense against some magical effects.
   It lets you blink.
   It may corrode you when you take damage.
Wands
 x - a wand of paralysis (78)
 I - a wand of disintegration (48)
 N - a wand of acid (32)
 P - a wand of iceblast (66)
 W - a wand of digging (21)
Scrolls
 b - 9 scrolls of summoning
 j - 42 scrolls of teleportation
 m - 13 scrolls of fear
 o - 16 scrolls of identify
 p - 20 scrolls of fog
 s - 14 scrolls of blinking
 F - 3 scrolls of holy word
 Q - 9 scrolls of magic mapping
 X - 44 scrolls of remove curse
Potions
 f - 19 potions of curing
 g - 7 potions of ambrosia
 l - 36 potions of mutation
 v - 15 potions of haste
 A - 6 potions of invisibility
 D - 7 potions of magic
 E - 9 potions of heal wounds
 G - 11 potions of brilliance
 J - 5 potions of resistance
 K - 4 potions of cancellation
Miscellaneous
 d - a phial of floods (quivered)
 k - a box of beasts
 n - the horn of Geryon
 B - a phantom mirror
 R - a condenser vane
 T - a lightning rod (4/4)
 V - a tin of tremorstones (2/2)


   Skills:
 + Level 22.0 Fighting
 - Level 10.3 Staves
 - Level 23.0 Dodging
 - Level 2.0 Stealth
 - Level 15.0 Shields
 - Level 22.0 Spellcasting
 O Level 27 Conjurations
 - Level 4.0 Translocations
 * Level 25.2 Fire Magic
 + Level 24.6 Air Magic
 - Level 11.4 Evocations


You had 8 spell levels left.
You knew the following spells:

 Your Spells              Type           Power        Failure   Level
b - Blink                 Tloc           N/A          1%          2
c - Orb of Destruction    Conj           88%          0%          7
d - Starburst             Conj/Fire      100%         0%          6
e - Passage of Golubria   Tloc           N/A          1%          4
f - Ignition              Fire           86%          1%          8
g - Tornado               Air            72%          1%          9
q - Apportation           Tloc           100%         1%          1
r - Iskenderun's Mystic   Conj/Tloc      100%         0%          4
s - Spellforged Servitor  Conj/Summ      70%          1%          7
v - Fire Storm            Conj/Fire      100%         1%          9
x - Fireball              Conj/Fire      100%         0%          5

Your spell library contained the following spells:

 Spells                   Type           Power        Failure   Level
 Absolute Zero            Ice            28%          100%        9
 Foxfire                  Conj/Fire      100%         0%          1
 Magic Dart               Conj           100%         0%          1
 Shock                    Conj/Air       100%         0%          1
 Corpse Rot               Necr/Air       N/A          0%          2
 Poisonous Vapours        Pois/Air       100%         0%          2
 Searing Ray              Conj           100%         0%          2
 Swiftness                Air            100%         0%          2
 Conjure Flame            Conj/Fire      100%         0%          3
 Dazzling Flash           Conj/Hex       100%         0%          3
 Inner Flame              Hex/Fire       100%         0%          3
 Mephitic Cloud           Conj/Pois/Air  100%         0%          3
 Static Discharge         Conj/Air       100%         0%          3
 Stone Arrow              Conj/Erth      100%         0%          3
 Airstrike                Air            72%          0%          4
 Sticky Flame             Conj/Fire      100%         0%          4
 Bolt of Magma            Conj/Fire/Erth 90%          0%          5
 Iskenderun's Battlesphe  Conj           100%         0%          5
 Lightning Bolt           Conj/Air       86%          0%          5
 Conjure Ball Lightning   Conj/Air       86%          0%          6
 Beastly Appendage        Tmut           100%         1%          1
 Corona                   Hex            62%          1%          1
 Freeze                   Ice            100%         1%          1
 Pain                     Necr           100%         1%          1
 Sting                    Tmut/Pois      100%         1%          1
 Summon Small Mammal      Summ           100%         1%          1
 Call Imp                 Summ           56%          1%          2
 Ensorcelled Hibernation  Hex/Ice        100%         1%          2
 Passwall                 Tmut/Erth      46%          1%          2
 Slow                     Hex            56%          1%          2
 Sublimation of Blood     Necr           28%          1%          2
 Wereblood                Tmut           56%          1%          2
 Call Canine Familiar     Summ           56%          1%          3
 Confusing Touch          Hex            56%          1%          3
 Gell's Gravitas          Tloc           40%          1%          3
 Ignite Poison            Fire/Tmut/Pois 100%         1%          3
 Lesser Beckoning         Tloc           40%          1%          3
 Ozocubu's Armour         Ice            56%          1%          3
 Portal Projectile        Hex/Tloc       100%         1%          3
 Spider Form              Tmut/Pois      28%          1%          3
 Summon Guardian Golem    Hex/Summ       56%          1%          3
 Teleport Other           Tloc           80%          1%          3
 Tukima's Dance           Hex            56%          1%          3
 Fulminant Prism          Conj/Hex       70%          1%          4
 Olgreb's Toxic Radiance  Pois           56%          1%          4
 Summon Lightning Spire   Summ/Air       100%         1%          4
 Irradiate                Conj/Tmut      70%          1%          5
 Silence                  Hex/Air        56%          1%          5
 Freezing Cloud           Conj/Ice/Air   76%          1%          6
 Iron Shot                Conj/Erth      70%          1%          6
 Chain Lightning          Conj/Air       86%          1%          8
 Lehudib's Crystal Spear  Conj/Erth      70%          4%          8
 Lee's Rapid Deconstruct  Erth           28%          5%          5
 Yara's Violent Unravell  Hex/Tmut       28%          5%          5
 Animate Dead             Necr           28%          7%          4
 Cause Fear               Hex            28%          7%          4
 Dispel Undead            Necr           56%          7%          4
 Ice Form                 Ice/Tmut       56%          7%          4
 Leda's Liquefaction      Hex/Erth       28%          7%          4
 Petrify                  Tmut/Erth      56%          7%          4
 Summon Ice Beast         Ice/Summ       56%          7%          4
 Summon Forest            Summ/Tloc      34%          9%          5
 Agony                    Necr           56%          19%         5
 Alistair's Intoxication  Tmut/Pois      37%          19%         5
 Blade Hands              Tmut           28%          19%         5
 Borgnjor's Vile Clutch   Necr/Erth      28%          19%         5
 Excruciating Wounds      Necr           28%          19%         5
 Dispersal                Tloc           40%          21%         6
 Eringya's Noxious Bog    Tmut/Pois      28%          26%         6
 Ozocubu's Refrigeration  Ice            28%          26%         6
 Death Channel            Necr           28%          71%         6
 Hydra Form               Tmut           28%          71%         6
 Invisibility             Hex            56%          71%         6
 Shadow Creatures         Summ           N/A          71%         6
 Simulacrum               Ice/Necr       28%          71%         6
 Statue Form              Tmut/Erth      37%          71%         6
 Malign Gateway           Summ/Tloc      34%          94%         7
 Dragon Form              Tmut           28%          99%         7
 Haunt                    Necr/Summ      28%          99%         7
 Monstrous Menagerie      Summ           28%          99%         7
 Summon Greater Demon     Summ           28%          99%         7
 Summon Hydra             Summ           28%          99%         7
 Borgnjor's Revivificati  Necr           28%          100%        8
 Discord                  Hex            28%          100%        8
 Disjunction              Tloc           40%          100%        8
 Infestation              Necr           28%          100%        8
 Necromutation            Tmut/Necr      28%          100%        8
 Summon Horrible Things   Summ           28%          100%        8
 Death's Door             Necr           28%          100%        9
 Dragon's Call            Summ           28%          100%        9
 Shatter                  Erth           28%          100%        9


Dungeon Overview and Level Annotations

Branches:
Dungeon (15/15)            Temple (1/1) D:6            Lair (6/6) D:8
 Shoals (4/4) Lair:2        Snake (4/4) Lair:4        Slime (5/5) Lair:5
    Orc (2/2) D:10            Elf (3/3) Orc:2        Vaults (5/5) D:14
  Crypt (3/3) Vaults:3       Tomb (0/3) Crypt:3      Depths (5/5) D:15
   Hell (visited)             Dis (0/7) Hell            Geh (0/7) Hell
    Coc (0/7) Hell            Tar (0/7) Hell            Zot (5/5) Depths:5
  Sewer (visited)          Bailey (visited)          WizLab (visited)

Altars:
Ashenzari
Cheibriados
Dithmenos
Elyvilon
Fedhas
Gozag
Hepliaklqana
Kikubaaqudgha
Makhleb
Nemelex Xobeh
Okawaru
Qazlal
Ru
Sif Muna
Trog
Uskayaw
Vehumet
Wu Jian
Xom
Yredelemnul
Zin
The Shining One
Beogh

Shops:
D:12 *   Orc:2 }?((   Elf:1 !(   Shoals:3 *([=*   Snake:2 }==   Snake:4 }
Depths:1 *

Portals:
Hell: Depths:1 Depths:2 Depths:3 Depths:4 Depths:5
Abyss: Depths:4 Depths:5
Pandemonium: Depths:1 Depths:3 Depths:4

Annotations:
Elf:2 1 runed translucent door
Zot:3 3 runed translucent doors, Alunk's ghost, legendary GnFi
Zot:5 3 runed translucent doors, happy's ghost, legendary GrDe


Innate Abilities, Weirdness & Mutations

You have a beak for a mouth.
You have claws for feet.
You can fly continuously.
You are clumsy. (Dex -2)
You have an increased reservoir of magic. (+10% MP)
Your natural rate of healing is unusually fast.
You are covered in fur. (AC +1)


Message History

Press: ? - help, Dir - look around, f - activate You feel a huge surge of power!
The bolt of fire hits the reaper!!!!
You kill the reaper!
Vehumet accepts your kill.
You feel your power returning.
(D) Dungeon (T) Temple (L) Lair (A) Shoals (P) Snake Pit (M) Slime Pits (O) Orcish Mines (E) Elven Halls (V) Vaults (C) Crypt (W) Tomb (U) Depths (H) Hell (I) Dis (G) Gehenna (X) Cocytus (Y) Tartarus (Z) Zot
Where to? (* - list waypoints, Enter - D:1 @ (x,y), ? - help)
There is a stone staircase leading up here.
You fly upwards.
There is a stone staircase leading down here.
There is an open door here.
You reach down and open the door.
There is an open door here.
There is an escape hatch in the floor here.
There is a staircase leading out of the dungeon here.
You have escaped!

....###.#..####++####..# #.#
....'......###....###..########.#
....###....##......##..#.........
....# #....##.⌠....##..#.######.#
....###....#........#..#.# #>#
...........#.⌠....(.#..#.# #.#
....####...#...##...#.)#.# #.#
##### #...#..####..#..#.# #.# #
#...'..'>@'..+..#.# #.# #
#...#..####..#..#.######.# #
#...#...##...#..#.#......# #
#...#......⌠.#..#.#.###### #
#...#........#..#.#.#
########...##.)..⌠.##..#.#.#
...........##......##..#.#.#
#######.>..###....###).#.#.#
.....##....####++####..#.#.#


There were no monsters in sight!

Vanquished Creatures
  the Royal Jelly (Slime:5)
  Dissolution (Slime:3)
  Khufu (Crypt:2)
  4 orbs of fire
  9 juggernauts
  7 ancient liches
  3 royal mummies (Zig:15)
  4 Killer Klowns
  Xtahua (Vaults:2)
  Saint Roka (Snake:2)
  Margery (Depths:5)
  The ghost of Nr616 the Warrior, a veteran MiBe of Trog (Depths:3)
  A curse toe (Zot:3)
  Geryon (Hell)
  6 caustic shrikes
  Nikola (Vaults:1)
  5 golden dragons
  A profane servitor (Crypt:3)
  3 bone dragons
  Jory (Crypt:3)
  A mutant beast (WizLab)
  2 electric golems
  A Brimstone Fiend (Zig:9)
  An iron giant (shapeshifter) (Depths:2)
  6 iron giants
  2 Ice Fiends (Depths:5)
  Jorgrun (Snake:2)
  The ghost of dracomuter the Lord of Darkness, an adept GnWn of Kikubaaqudgha (Shoals:3)
  2 pandemonium lords
  Asterion (Vaults:1)
  27 Orb Guardians
  5 liches
  17 tentacled monstrosities
  6 deep elf blademasters
  A Hell Sentinel (Zig:16)
  5 quicksilver dragons
  4 deep elf master archers
  11 titans
  2 tentacled starspawn
  An acid blob (shapeshifter) (Depths:2)
  Polyphemus (Shoals:2)
  5 sphinxes
  2 Executioners (Abyss:3)
  Frances (Shoals:2)
  30 acid blobs
  Agnes (Snake:2)
  Gastronok (Lair:1)
  8 death cobs
  The ghost of Zipteul the Fencer, an adept NaBe of Trog (Shoals:2)
  4 ancient champions
  6 shadow dragons
  2 revenants
  An azure jelly (shapeshifter) (Depths:2)
  6 draconian monks
  10 fire giants
  Roxanne (D:14)
  10 azure jellies
  Ilsuiw (Shoals:2)
  A daeva (Abyss:3)
  8 tengu reavers
  14 storm dragons
  13 frost giants
  5 draconian knights
  4 cacodemons
  3 ghost moths
  17 nagarajas
  An orc warlord (Bailey)
  3 iron dragons
  9 vault wardens
  9 deep elf sorcerers
  3 caustic shrike zombies
  4 balrugs
  4 draconian scorchers
  Louise (D:14)
  An angel (Depths:3)
  Aizul (Snake:2)
  8 curse skulls
  A juggernaut zombie (Hell)
  3 draconian shifters (Zot:4)
  8 deep elf elementalists
  6 reapers
  11 ironheart preservers
  13 war gargoyles
  10 green draconians
  9 ghouls (Crypt:3)
  23 very ugly things
  30 stone giants
  4 draconian annihilators
  A caustic shrike skeleton (Crypt:1)
  5 spriggan defenders
  2 draconian stormcallers
  5 vampire knights
  The ghost of Epsin the Fighter, a journeyman MiFi of Okawaru (D:15)
  A juggernaut skeleton (Zig:9)
  8 black draconians
  7 purple draconians
  11 yellow draconians
  7 entropy weavers
  A spark wasp (Depths:4)
  9 deep elf demonologists
  13 deep elf annihilators
  8 white draconians
  8 red draconians
  5 blizzard demons
  15 ettins
  14 jiangshi
  10 deep elf death magi
  7 eidola
  A crystal guardian (Zig:16)
  11 mummy priests
  9 merfolk javelineers
  18 merfolk impalers
  Josephine (D:15)
  12 death oozes
  16 fire dragons
  22 yaktaur captains
  13 deep elf high priests
  16 great orbs of eyes
  A quicksilver dragon skeleton (Crypt:2)
  3 spriggan air magi
  30 vault guards
  10 hydras
  8 ice dragons
  11 naga warriors
  9 boulder beetles
  5 rakshasas
  A caustic shrike simulacrum (Zig:12)
  Erolcha (Orc:2)
  7 merfolk aquamancers
  4 merfolk avatars
  2 catoblepae
  A fenstrider witch skeleton (Crypt:1)
  6 death knights
  7 anacondas
  4 death scarabs (Zig:15)
  4 satyrs
  8 centaur warriors
  21 two-headed ogres
  52 dancing weapons
  7 ogre magi
  A two-headed ogre (shapeshifter) (WizLab)
  4 death yaks (Shoals:2)
  3 deep troll shamans
  5 alligator snapping turtles
  2 orc high priests
  2 hell hogs
  6 tengu warriors
  7 vampire magi
  4 deep troll earth magi
  4 thrashing horrors
  A shock serpent (shapeshifter) (WizLab)
  5 titan zombies
  3 soul eaters
  A storm dragon zombie (Crypt:3)
  The ghost of kalagan the Geomancer, a novice GrEE of Sif Muna (D:9)
  23 deep elf knights
  11 shock serpents
  7 spriggan berserkers
  Nergalle (Orc:2)
  3 spriggans
  22 naga sharpshooters
  7 sun demons
  3 iron golems
  The ghost of lis82 the Cleaver, a novice DgFi (D:9)
  2 golden dragon zombies
  2 spatial maelstroms
  6 salamander mystics
  2 titan skeletons (Crypt:1)
  An iron troll (Depths:1)
  4 wretched stars
  38 large abominations
  3 shadow wraiths
  7 hell knights
  36 skeletal warriors
  4 sixfirhies
  4 unseen horrors
  2 glowing orange brains (shapeshifter)
  A deep troll (shapeshifter) (WizLab)
  20 sea snakes
  15 glowing orange brains
  2 shadow demons
  8 flayed ghosts
  3 golden dragon skeletons (Crypt:1)
  A death drake (Abyss:3)
  2 unseen horrors (shapeshifter) (WizLab)
  11 deep trolls
  5 obsidian statues
  27 deep elf archers
  A wizard (Vaults:3)
  A swamp dragon (shapeshifter) (WizLab)
  4 anaconda zombies
  5 starcursed masses
  4 naga ritualists
  17 ironbrand convokers
  4 orange crystal statues
  An infernal demonspawn (Depths:4)
  2 harpies (shapeshifter)
  5 tengu zombies
  A goliath frog zombie (Crypt:1)
  32 harpies
  15 orc knights
  5 shadow dragon zombies
  An anaconda skeleton (Crypt:2)
  An orb spider (shapeshifter) (WizLab)
  A lindwurm (Lair:6)
  23 phantasmal warriors
  6 stone giant zombies
  A wolf spider (shapeshifter) (Zig:13)
  88 deep elf magi
  A lindwurm (shapeshifter) (Depths:2)
  14 necromancers
  16 shining eyes
  2 wolf spider zombies
  44 ugly things
  6 mana vipers
  A manticore (shapeshifter) (Zig:13)
  14 orc sorcerers
  10 fauns
  3 spectral merfolk (Shoals:3)
  9 wolf spiders
  2 shadow dragon skeletons
  A will-o-the-wisp (Abyss:3)
  10 cyclopes
  3 frost giant zombies
  6 fire giant zombies
  An elephant (shapeshifter) (Elf:1)
  23 manticores
  2 shining eyes (shapeshifter)
  2 moths of wrath (shapeshifter)
  18 salamanders
  2 cyclopes (shapeshifter)
  3 elf zombies
  5 fire giant skeletons
  22 moths of wrath
  An eleionoma skeleton (Crypt:2)
  10 water nymphs
  A guardian serpent (shapeshifter) (Depths:2)
  A water nymph (shapeshifter) (WizLab)
  A human skeleton (Vaults:5)
  17 guardian serpents
  5 rust devils (Hell)
  An eye of devastation (shapeshifter) (WizLab)
  2 frost giant skeletons (Crypt:1)
  4 ice statues
  3 elephants (Lair:6)
  15 vault sentinels
  37 black mambas
  2 stone giant skeletons
  14 merfolk sirens
  23 naga magi
  7 torpor snails
  2 black mambas (shapeshifter)
  A shock serpent skeleton (Crypt:1)
  A torpor snail (shapeshifter) (Depths:2)
  5 smoke demons
  7 orange demons
  10 cane toads
  3 molten gargoyles (Depths:2)
  3 hellions
  10 gargoyles
  4 eyes of devastation
  56 yaktaurs
  2 kobold demonologists
  15 freezing wraiths
  3 rime drakes
  An elf skeleton (Depths:4)
  3 efreet
  4 yaktaurs (shapeshifter)
  11 komodo dragons
  5 ice devils
  A rime drake (shapeshifter) (WizLab)
  A tormentor (Hell)
  3 hellwings
  A yaktaur skeleton (Depths:1)
  3 tengu conjurers
  A troll (shapeshifter) (Elf:1)
  3 ancient zymes
  10 guardian mummies
  2 komodo dragons (shapeshifter)
  A harpy zombie (Crypt:3)
  An anaconda simulacrum (Hell)
  57 merfolk
  A hydra zombie (Hell)
  15 wind drakes
  7 red devils
  6 meliai
  A merfolk (shapeshifter) (Depths:2)
  3 polar bears (shapeshifter)
  A queen bee (D:14)
  16 trolls
  A spectral manticore (Shoals:3)
  4 tyrant leeches (Lair:6)
  A shadow dragon simulacrum (Vaults:5)
  A queen bee (shapeshifter) (Depths:2)
  7 raiju
  A wind drake (shapeshifter) (WizLab)
  13 hornets
  A hornet (shapeshifter) (WizLab)
  3 polar bears
  103 slime creatures
  2 jumping spiders (Crypt:3)
  A blink frog (shapeshifter) (WizLab)
  2 raiju (shapeshifter)
  16 snapping turtles
  2 ice dragon zombies
  An iron dragon simulacrum (Hell)
  A spriggan zombie (Hell)
  A fire giant simulacrum (Crypt:1)
  13 dream sheep
  13 blink frogs
  2 stone giant simulacra
  3 ettin zombies
  An alligator zombie (Hell)
  25 flying skulls
  3 fire dragon zombies
  2 deep troll zombies
  2 redbacks (shapeshifter)
  A spriggan (shapeshifter) (Vaults:2)
  8 yaks
  9 air elementals
  A black mamba zombie (Crypt:3)
  5 redbacks
  2 shadows
  20 wraiths
  An ettin skeleton (Crypt:2)
  2 ice dragon skeletons
  2 vampires
  4 wyverns
  2 tarantellas (shapeshifter)
  3 ynoxinuls
  24 water elementals
  6 ushabtiu
  8 basilisks
  A hog (shapeshifter) (Vaults:3)
  A basilisk (shapeshifter) (Depths:2)
  2 neqoxecs
  22 golden eyes
  2 steam dragons (D:8)
  A spatial vortex (Abyss:3)
  20 fire elementals
  A golden eye (shapeshifter) (Vaults:4)
  6 wargs
  An emperor scorpion simulacrum (Crypt:1)
  4 vampire mosquitoes (D:15)
  A naga (shapeshifter) (Depths:2)
  50 nagas
  2 soldier ants (shapeshifter)
  A soldier ant (D:15)
  2 cane toad zombies (Hell)
  3 acid dragons
  19 water moccasins
  A gelid demonspawn skeleton (Crypt:2)
  7 floating eyes
  2 hell hounds (Hell)
  A swamp dragon zombie (Crypt:1)
  Purgy (Sewer)
  12 ice beasts
  An ice beast (shapeshifter) (WizLab)
  16 eyes of draining
  A cane toad skeleton (Hell)
  2 sky beasts
  2 eyes of draining (shapeshifter)
  An ogre (shapeshifter) (WizLab)
  2 black bears (shapeshifter)
  A manticore zombie (Abyss:2)
  34 orc warriors
  6 phantoms
  A merfolk simulacrum (Shoals:3)
  11 necrophages (Crypt:3)
  An ice dragon simulacrum (Crypt:1)
  A snapping turtle skeleton (Crypt:1)
  A boggart (shapeshifter) (Depths:1)
  22 boggarts
  2 wolves
  17 centaurs
  34 ogres
  A swamp dragon skeleton (Crypt:2)
  A tengu (shapeshifter) (WizLab)
  A wind drake simulacrum (Shoals:3)
  35 small abominations
  A spectral cyclops (Shoals:3)
  5 big kobolds
  A big kobold (shapeshifter) (Abyss:3)
  Blork the orc (D:6)
  24 bullfrogs
  2 gnoll sergeants
  A bullfrog (shapeshifter) (Depths:4)
  12 earth elementals
  A deep troll simulacrum (Vaults:4)
  A cane toad simulacrum (Hell)
  A troll zombie (Crypt:2)
  7 wyvern skeletons
  6 scorpions
  A human simulacrum (Vaults:2)
  2 snapping turtle simulacra (Shoals:3)
  10 killer bees
  5 howler monkeys
  16 wights
  7 electric eels
  2 centaur zombies
  A bullfrog zombie (D:12)
  2 hounds
  5 jellies
  14 orc priests
  4 quasits
  3 bullfrog skeletons
  A human zombie (Crypt:2)
  5 iron imps
  5 centaur skeletons
  6 iguanas
  8 worker ants
  38 orc wizards
  A killer bee zombie (D:6)
  2 hound skeletons (D:5)
  13 mummies
  A worker ant zombie (D:5)
  7 gnolls
  9 adders
  3 white imps
  4 ufetubi
  7 oozes
  An adder zombie (D:9)
  2 adder skeletons
  7 leopard geckos
  79 orcs
  5 ball pythons
  8 bats
  17 giant cockroaches
  11 goblins
  15 hobgoblins
  11 jackals
  6 quokkas
  2 frilled lizards (D:4)
  28 kobolds
  A kobold zombie (Crypt:2)
  9 rats
  A river rat skeleton (Crypt:2)
  A ball lightning (Depths:2)
  8 crawling corpses (Vaults:5)
  8 fire vortices
  2 macabre masses (Abyss:3)
  A plant (Shoals:3)
  A withered plant (Crypt:3)
3271 creatures vanquished.

Vanquished Creatures (collateral kills)
  A juggernaut (Zig:19)
  A royal mummy (Zig:15)
  A tentacled monstrosity (Zot:5)
  2 storm dragons (Zot:4)
  A very ugly thing (Depths:2)
  A deep elf annihilator (Vaults:5)
  2 red draconians
  An ettin (Zig:19)
  A flayed ghost (Crypt:3)
  A frost giant zombie (Crypt:1)
  A cyclops (Zig:19)
  A yaktaur (Depths:5)
  An ancient zyme (Zig:12)
  A guardian mummy (Zig:15)
  A slime creature (Slime:2)
  A water elemental (Depths:2)
  A flying skull (Crypt:2)
  An ice beast (Abyss:2)
  A necrophage (Crypt:3)
  2 mummies (Zig:15)
  An ufetubus (Abyss:2)
  A crawling corpse (Vaults:5)
  2 fire vortices (Zig:19)
  17 foxfires
44 creatures vanquished.

Vanquished Creatures (others)
  An ogre mage (Vaults:5)
  A moth of wrath (Zot:1)
  A freezing wraith (Vaults:4)
  A merfolk (Shoals:2)
  A wyvern (D:8)
  An eye of draining (D:13)
  An orc (Orc:2)
  10 ball lightnings (Depths:2)
  182 fire vortices
  1792 foxfires
  13 fungi
  164 plants
  4 starspawn tentacles (Abyss:3)
  30 withered plants (Crypt:3)
2202 creatures vanquished.

Grand Total: 5517 creatures vanquished

Notes
Turn   | Place    | Note
-------+----------+-------------------------------------------
     0 | D:1      | asdu the Tengu Fire Elementalist began the quest for the
                  | Orb.
     0 | D:1      | Reached XP level 1. HP: 10/10 MP: 4/4
   200 | D:1      | Reached XP level 2. HP: 15/15 MP: 6/6
   201 | D:1      | Reached skill level 2 in Conjurations
  1222 | D:2      | Reached XP level 3. HP: 17/19 MP: 7/7
  1790 | D:2      | Reached skill level 3 in Conjurations
  1980 | D:2      | Reached XP level 4. HP: 18/24 MP: 9/9
  2237 | D:3      | Learned a level 3 spell: Conjure Flame
  2242 | D:3      | Learned a level 4 spell: Sticky Flame
  2564 | D:3      | Gained mutation: You can fly continuously. [Tengu growth]
  2564 | D:3      | Reached XP level 5. HP: 28/28 MP: 10/10
  2976 | D:4      | Found a shadowy altar of Dithmenos.
  3129 | D:4      | Noticed an ogre
  3294 | D:4      | Found a glowing drain.
  3308 | Sewer    | Entered a sewer
  3314 | Sewer    | Reached skill level 4 in Conjurations
  3340 | Sewer    | Noticed Purgy
  3357 | Sewer    | Killed Purgy
  3358 | Sewer    | Reached skill level 5 in Fire Magic
  3358 | Sewer    | Reached XP level 6. HP: 32/32 MP: 11/11
  3422 | Sewer    | Got a smoking lapis lazuli ring
  3518 | D:4      | Reached skill level 5 in Conjurations
  3859 | D:4      | Found a hide-covered altar of Uskayaw.
  3861 | D:4      | Found a bloodstained altar of Trog.
  3862 | D:4      | Got a faintly glowing brass amulet
  3868 | D:4      | Found a broken altar of Ashenzari.
  3875 | D:4      | Found a shimmering blue altar of Sif Muna.
  3879 | D:4      | Found a blossoming altar of Fedhas.
  4043 | D:4      | Reached skill level 6 in Conjurations
  4089 | D:4      | Reached XP level 7. HP: 3/36 MP: 12/12
  4263 | D:4      | Found a sacrificial altar of Ru.
  4376 | D:5      | Entered Level 5 of the Dungeon
  4383 | D:5      | Identified the ring "Kuihierus" {rC+ Int+2 SInv} (You found
                  | it in a sewer)
  4384 | D:5      | Identified the amulet of Tierudghi {Inacc rPois Str-2 SInv}
                  | (You found it on level 4 of the Dungeon)
  4471 | D:5      | Reached skill level 7 in Conjurations
  4630 | D:5      | Noticed a two-headed ogre
  4666 | D:5      | Killed a two-headed ogre
  4667 | D:5      | Reached skill level 9 in Conjurations
  4667 | D:5      | Reached XP level 8. HP: 41/41 MP: 5/13
  4677 | D:5      | Learned a level 5 spell: Fireball
  5381 | D:6      | Found a staircase to the Ecumenical Temple.
  5390 | D:5      | Reached skill level 1 in Fighting
  5416 | Temple   | Entered the Ecumenical Temple
  5461 | Temple   | Became a worshipper of Vehumet
  5557 | D:5      | Reached XP level 9. HP: 48/48 MP: 1/15
  6363 | D:6      | Noticed Blork the orc
  6370 | D:6      | Killed Blork the orc
  6877 | D:7      | Reached * piety under Vehumet
  6877 | D:7      | Offered knowledge of Freeze by Vehumet.
  7250 | D:7      | Reached skill level 5 in Dodging
  7726 | D:8      | Reached skill level 5 in Spellcasting
  7758 | D:8      | Noticed a two-headed ogre
  7966 | D:8      | Noticed a komodo dragon
  8003 | D:8      | Killed a two-headed ogre
  8004 | D:8      | Reached skill level 5 in Fighting
  8004 | D:8      | Reached XP level 10. HP: 60/60 MP: 13/18
  8072 | D:8      | Reached skill level 1 in Evocations
  8612 | D:8      | Offered knowledge of Magic Dart by Vehumet.
  8614 | D:8      | Reached ** piety under Vehumet
  8888 | D:8      | Found a staircase to the Lair.
  9144 | D:9      | Found a glowing golden altar of the Shining One.
  9255 | D:9      | Found a runed translucent gate.
  9255 | D:9      | Found a runed translucent gate.
  9257 | D:9      | Found a runed translucent gate.
  9272 | D:9      | Noticed lis82's ghost (novice DgFi)
  9272 | D:9      | Noticed kalagan's ghost (novice GrEE)
  9820 | D:9      | Offered knowledge of Dazzling Flash by Vehumet.
 10017 | D:10     | Entered Level 10 of the Dungeon
 10193 | D:10     | Reached *** piety under Vehumet
 10307 | D:10     | You are sucked into a shaft and drop 1 floor!
 10315 | D:11     | Noticed a gargoyle
 10325 | D:11     | Killed a gargoyle
 10326 | D:11     | Reached skill level 10 in Conjurations
 10326 | D:11     | Reached XP level 11. HP: 59/68 MP: 10/19
 10351 | D:11     | Noticed a boulder beetle
 10417 | D:11     | Killed a boulder beetle
 10483 | D:11     | Found a flagged portal.
 10500 | D:11     | Identified the +2 hand axe of Fycw {drain, rN+} (You found
                  | it on level 11 of the Dungeon)
 10524 | Bailey   | Entered a bailey
 10529 | Bailey   | Noticed an orc warlord
 10538 | Bailey   | Offered knowledge of Iskenderun's Mystic Blast by Vehumet.
 10544 | Bailey   | Learned a level 4 spell: Iskenderun's Mystic Blast
 10597 | Bailey   | Noticed an orc knight
 10746 | Bailey   | Found a runed translucent gate.
 10748 | Bailey   | Found a runed translucent gate.
 10750 | Bailey   | Found a runed translucent gate.
 10774 | Bailey   | Killed an orc knight
 10837 | Bailey   | Reached **** piety under Vehumet
 10904 | Bailey   | Killed an orc warlord
 10905 | Bailey   | Reached skill level 11 in Conjurations
 11220 | D:11     | Reached skill level 10 in Fire Magic
 11312 | D:11     | Offered knowledge of Frozen Ramparts by Vehumet.
 11432 | D:11     | You are sucked into a shaft and drop 3 floors!
 11432 | D:14     | Noticed a brown ugly thing
 11432 | D:14     | Noticed a brown ugly thing
 11432 | D:14     | Noticed a centaur warrior
 11432 | D:14     | Noticed a brown ugly thing
 11433 | D:14     | Noticed a brown ugly thing
 11449 | D:14     | Noticed a tengu warrior
 11455 | D:14     | Killed a brown ugly thing
 11458 | D:14     | Killed a white ugly thing
 11459 | D:14     | Killed a red ugly thing
 11459 | D:14     | Killed a centaur warrior
 11463 | D:14     | Killed a white ugly thing
 11479 | D:14     | Killed a tengu warrior
 11480 | D:14     | Reached skill level 12 in Conjurations
 11480 | D:14     | Reached XP level 12. HP: 31/76 MP: 10/20
 11804 | D:12     | Noticed a six-headed hydra
 11914 | D:12     | Noticed a two-headed ogre
 11954 | D:12     | Killed a two-headed ogre
 12195 | D:10     | Reached ***** piety under Vehumet
 12242 | D:10     | Noticed a two-headed ogre
 12575 | D:11     | Offered knowledge of Eringya's Noxious Bog by Vehumet.
 12996 | D:10     | Reached skill level 10 in Fighting
 13110 | D:10     | Found a staircase to the Orcish Mines.
 13359 | D:10     | Killed a two-headed ogre
 13634 | D:8      | Reached XP level 13. HP: 82/82 MP: 26/26
 13635 | D:8      | Reached XP level 14. HP: 90/90 MP: 27/27
 13655 | Lair:1   | Entered Level 1 of the Lair of Beasts
 13778 | Lair:1   | Noticed Gastronok
 13861 | Lair:1   | Got a fine platinum ring
 13862 | Lair:1   | Identified the ring "Cejummuv" {rC+ MP+9} (You found it on
                  | level 1 of the Lair of Beasts)
 14349 | Lair:2   | Found a staircase to the Shoals.
 15209 | Lair:3   | You are sucked into a shaft and drop 1 floor!
 15458 | Lair:3   | Reached XP level 15. HP: 96/96 MP: 29/29
 16209 | Lair:4   | Found a staircase to the Snake Pit.
 16573 | Lair:4   | Learned a level 2 spell: Blink
 17038 | Lair:4   | Offered knowledge of Lightning Bolt by Vehumet.
 17048 | Lair:4   | Learned a level 5 spell: Lightning Bolt
 17544 | Lair:5   | Found a staircase to the Slime Pits.
 17670 | Lair:5   | Reached skill level 1 in Air Magic
 17676 | Lair:5   | Reached skill level 1 in Translocations
 18405 | Lair:6   | Entered Level 6 of the Lair of Beasts
 19158 | Lair:6   | Reached skill level 10 in Spellcasting
 19158 | Lair:6   | Reached skill level 5 in Air Magic
 19735 | Lair:6   | Found a runed translucent door.
 19931 | Lair:6   | Reached skill level 13 in Conjurations
 21112 | Lair:1   | Killed Gastronok
 21159 | D:8      | Upgraded the game from 0.26.0-41-g79a4fc7684 to
                  | 0.26.0-45-g9c1d065592
 21265 | Orc:1    | Entered Level 1 of the Orcish Mines
 21392 | Orc:2    | Entered Level 2 of the Orcish Mines
 21399 | Orc:2    | Reached skill level 1 in Shields
 21469 | Orc:2    | Offered knowledge of Conjure Ball Lightning by Vehumet.
 21538 | Orc:2    | Found a staircase to the Elven Halls.
 21557 | Orc:2    | Found a roughly hewn altar of Beogh.
 22312 | Orc:2    | Found Zasiweokh's Magic Scroll Shop.
 22320 | Orc:2    | Bought a scroll of identify for 30 gold pieces
 22320 | Orc:2    | Bought a scroll of identify for 30 gold pieces
 22320 | Orc:2    | Bought a scroll of fog for 30 gold pieces
 22367 | Orc:2    | Found an ancient bone altar of Kikubaaqudgha.
 22369 | Orc:2    | Noticed Nergalle
 22370 | Orc:2    | Paralysed by an orc sorcerer for 4 turns
 22403 | Orc:2    | Killed Nergalle
 22767 | Orc:2    | Found Ininekaat's Antique Weapon Shop.
 22849 | Orc:2    | Found a radiant altar of Vehumet.
 22850 | Orc:2    | Noticed Erolcha
 22853 | Orc:2    | Killed Erolcha
 22954 | Orc:2    | Found a roughly hewn altar of Beogh.
 22954 | Orc:2    | Found Ucwiu's Antique Weapon Shop.
 22954 | Orc:2    | Found Okhirawn's Gadget Boutique.
 22959 | Orc:2    | Reached XP level 16. HP: 98/103 MP: 31/31
 23119 | Orc:2    | Bought a fine dagger for 175 gold pieces
 23119 | Orc:2    | Identified the +5 dagger "Beastslayer" {freeze, Will- Int+5
                  | Dex+7} (You bought it in a shop on level 2 of the Orcish
                  | Mines)
 23524 | D:12     | Found Cioqabb's Assorted Antiques.
 23531 | D:12     | Bought a potion of heal wounds for 90 gold pieces
 23531 | D:12     | Bought a scroll labelled JOIHEB GUOQUV for 18 gold pieces
 23531 | D:12     | Bought a scroll labelled JOIHEB GUOQUV for 18 gold pieces
 24757 | D:13     | Got a warped amber ring
 24758 | D:13     | Identified the ring of Dopiss {AC+4 Dex+4 Slay+2 SInv} (You
                  | found it on level 13 of the Dungeon)
 24911 | D:13     | Offered knowledge of Starburst by Vehumet.
 25041 | D:13     | Learned a level 6 spell: Starburst
 25307 | D:13     | Found a gateway to a bazaar.
 25626 | D:13     | Found a sacrificial altar of Ru.
 25864 | D:14     | Noticed Louise
 25976 | D:14     | Found a glowing golden altar of the Shining One.
 26000 | D:14     | Noticed Nessos
 26004 | D:14     | Noticed Nessos
 26004 | D:14     | Nessos changed into Nessos the queen bee
 26010 | D:14     | Killed Nessos the queen bee
 26107 | D:14     | Noticed Roxanne
 26694 | D:15     | Entered Level 15 of the Dungeon
 27120 | D:15     | Found a runed translucent gate.
 27120 | D:15     | Found a runed translucent gate.
 27120 | D:15     | Found a runed translucent gate.
 27289 | D:15     | Noticed Epsin's ghost (journeyman MiFi)
 27587 | D:15     | Offered knowledge of Orb of Destruction by Vehumet.
 27596 | D:15     | Learned a level 7 spell: Orb of Destruction
 27917 | D:15     | Noticed Josephine
 27922 | D:15     | Killed Josephine
 27926 | D:15     | Reached skill level 14 in Conjurations
 28111 | D:15     | Found a staircase to the Depths.
 28287 | D:15     | Killed Epsin's ghost
 28739 | Snake:1  | Entered Level 1 of the Snake Pit
 28866 | Snake:1  | Reached XP level 17. HP: 79/108 MP: 6/35
 29312 | Snake:1  | You are sucked into a shaft and drop 1 floor!
 29487 | Snake:2  | Noticed Aizul
 29502 | Snake:2  | Killed Aizul
 29913 | Snake:2  | Reached skill level 15 in Conjurations
 30249 | Snake:2  | Offered knowledge of Iskenderun's Battlesphere by Vehumet.
 30602 | Snake:2  | Found Joja's Gadget Shoppe.
 30602 | Snake:2  | Found Byips's Jewellery Shop.
 30603 | Snake:2  | Found Neurimn's Jewellery Shop.
 31715 | Snake:2  | Reached skill level 16 in Conjurations
 31901 | Snake:2  | Noticed Agnes
 31970 | Snake:2  | Killed Agnes
 32059 | Snake:2  | Noticed Saint Roka
 32071 | Snake:2  | Killed Saint Roka
 32073 | Snake:2  | Noticed Jorgrun
 32310 | Snake:2  | Killed Jorgrun
 32423 | Snake:2  | You are sucked into a shaft and drop 1 floor!
 33371 | Snake:3  | Reached skill level 15 in Spellcasting
 33497 | Snake:3  | Reached XP level 18. HP: 106/114 MP: 11/38
 34539 | Snake:4  | Entered Level 4 of the Snake Pit
 34673 | Snake:4  | Offered knowledge of Lehudib's Crystal Spear by Vehumet.
 34673 | Snake:4  | Reached ****** piety under Vehumet
 36487 | Snake:4  | Reached skill level 15 in Fire Magic
 36625 | Snake:4  | Found Myapaema's Gadget Shop.
 37087 | Snake:4  | Got a serpentine rune of Zot
 37575 | Shoals:1 | Entered Level 1 of the Shoals
 37821 | Shoals:1 | Reached XP level 19. HP: 37/120 MP: 26/40
 38118 | Shoals:1 | Offered knowledge of Fire Storm by Vehumet.
 38118 | Shoals:1 | Offered knowledge of Ignition by Vehumet.
 38118 | Shoals:1 | Offered knowledge of Absolute Zero by Vehumet.
 38354 | Shoals:1 | Learned a level 8 spell: Ignition
 38570 | Shoals:2 | Noticed Ilsuiw
 38571 | Shoals:2 | Noticed Frances
 38869 | Shoals:2 | Noticed Polyphemus
 38886 | Shoals:2 | Killed Polyphemus
 39121 | Shoals:2 | Killed Frances
 39142 | Shoals:2 | Killed Ilsuiw
 39352 | Shoals:2 | Found a transporter.
 39361 | Shoals:2 | Learned a level 1 spell: Apportation
 39372 | Shoals:2 | Found a transporter.
 39374 | Shoals:2 | Noticed Zipteul's ghost (adept NaBe)
 39807 | Shoals:3 | Found Odiagril's Assorted Antiques.
 39826 | Shoals:3 | Found Onwuyt's Jewellery Shop.
 40163 | Shoals:3 | Found Nunarica's Antique Armour Shoppe.
 40260 | Shoals:3 | Found Archiass's Weapon Emporium.
 40272 | Shoals:3 | Found Hibaol's General Store.
 40314 | Shoals:3 | Bought a potion of heal wounds for 90 gold pieces
 40426 | Shoals:3 | Found a runed translucent gate.
 40426 | Shoals:3 | Found a runed translucent gate.
 40426 | Shoals:3 | Found a runed translucent gate.
 40438 | Shoals:3 | Noticed dracomuter's ghost (adept GnWn)
 40599 | Shoals:4 | Entered Level 4 of the Shoals
 41311 | Shoals:4 | Got a barnacled rune of Zot
 41399 | Shoals:4 | Reached XP level 20. HP: 126/126 MP: 38/41
 42107 | Shoals:3 | Killed dracomuter's ghost
 42124 | Shoals:3 | Identified the ring "Reati" {Ice +Fly Will+ Str+2} (You
                  | found it on level 3 of the Shoals)
 42259 | Shoals:2 | Killed Zipteul's ghost
 42262 | Shoals:2 | Identified the ring of Reapparph {*Corrode +Fly rF++ Int+4
                  | Slay-4} (You found it on level 2 of the Shoals)
 42551 | Elf:1    | Entered Level 1 of the Elven Halls
 42767 | Elf:1    | Found Coomyosk's Distillery.
 42767 | Elf:1    | Found Rikk's Distillery.
 42782 | Elf:1    | Bought a potion of lignification for 42 gold pieces
 44182 | Elf:1    | Found Plog's Weapon Shoppe.
 45281 | Elf:2    | Found a runed translucent door.
 45325 | Elf:2    | Found a runed translucent door.
 45545 | Elf:2    | Reached skill level 17 in Conjurations
 45843 | Elf:2    | Reached skill level 15 in Dodging
 45865 | Elf:2    | Reached XP level 21. HP: 132/132 MP: 13/42
 46212 | Elf:2    | Identified 3 scrolls of acquirement
 46212 | Elf:2    | Acquired an uncursed staff of fire
 46282 | Elf:3    | Entered Level 3 of the Elven Halls
 47050 | Elf:3    | Reached skill level 18 in Conjurations
 47582 | Elf:3    | Identified the ring "Jauxke" {MP+9 Dex+3}
 47598 | Elf:3    | Identified the +10 hand axe of Leepn {vorpal, Will- Str+8}
 47763 | Elf:3    | Reached skill level 19 in Conjurations
 47886 | Elf:3    | Identified the +7 falchion of Spite {drain, rF+ rC+ Int+2}
 47888 | Elf:3    | Identified the cursed +0 dire flail of Idotioppegec
                  | {freeze, Will+ Str+2 Int+7}
 47978 | Elf:3    | Identified the +1 chain mail "Degagg" {rElec Str+7 Dex-5}
 47978 | Elf:3    | Identified the cursed +3 hand axe of Fragile Peace {pain,
                  | rPois Will+ SInv}
 48537 | Elf:3    | Identified the Guide on Gliding Summoning
 48549 | Elf:3    | Identified the Compendium of Poisonous Stolen Souls
 49329 | Bazaar   | Entered a bazaar
 49360 | Bazaar   | Found Merruapp's Antique Weapon Emporium.
 49360 | Bazaar   | Found Yjegug's Book Shoppe.
 49381 | Bazaar   | Found Mywnytu's Book Shoppe.
 49396 | Bazaar   | Found Jelin's General Store.
 49396 | Bazaar   | Found Caruj's Distillery.
 49479 | Bazaar   | Bought a potion of ambrosia for 112 gold pieces
 49479 | Bazaar   | Bought a potion of brilliance for 56 gold pieces
 49479 | Bazaar   | Bought a potion of curing for 42 gold pieces
 49479 | Bazaar   | Bought a potion of ambrosia for 112 gold pieces
 49485 | Bazaar   | Bought a scroll of enchant weapon for 105 gold pieces
 49588 | D:14     | Found a gate to the Vaults.
 49686 | D:14     | Killed Louise
 49764 | D:14     | Reached skill level 20 in Conjurations
 49955 | Vaults:1 | Entered Level 1 of the Vaults
 50868 | Vaults:1 | Noticed Asterion
 50868 | Vaults:1 | Noticed Nikola
 50875 | Vaults:1 | Killed Asterion
 50878 | Vaults:1 | Killed Nikola
 51512 | Vaults:2 | Noticed Xtahua
 51541 | Vaults:2 | Killed Xtahua
 51542 | Vaults:2 | Reached XP level 22. HP: 123/137 MP: 24/43
 52113 | Vaults:2 | Reached skill level 21 in Conjurations
 53688 | Vaults:3 | Found a staircase to the Crypt.
 53777 | Vaults:3 | Identified the +1 leather armour of Uskayaw's Hope {Harm
                  | Regen+ rCorr Str+2}
 54063 | Vaults:3 | Reached skill level 22 in Conjurations
 54354 | D:15     | Learned a level 9 spell: Fire Storm
 55028 | Vaults:4 | Found a flickering gateway to a bazaar.
 55057 | Bazaar   | Entered a bazaar
 55057 | Bazaar   | Found Webas's Antique Weapon Boutique.
 55057 | Bazaar   | Found Wosyl's Assorted Antiques.
 55057 | Bazaar   | Found Funupes's Gadget Shoppe.
 55058 | Bazaar   | Found Letimeaf's Weapon Emporium.
 55058 | Bazaar   | Found Kilatuarr's Jewellery Emporium.
 55086 | Bazaar   | Bought a potion of heal wounds for 120 gold pieces
 55086 | Bazaar   | Bought a potion of haste for 240 gold pieces
 55086 | Bazaar   | Bought a potion of heal wounds for 120 gold pieces
 55086 | Bazaar   | Bought a twisted jasper amulet for 120 gold pieces
 55086 | Bazaar   | Bought a scroll of identify for 48 gold pieces
 55932 | Vaults:4 | Noticed an ancient lich
 55938 | Vaults:4 | Killed an ancient lich
 56413 | Vaults:4 | Reached XP level 23. HP: 139/142 MP: 44/44
 56989 | Crypt:1  | Entered Level 1 of the Crypt
 57505 | Crypt:1  | Reached skill level 23 in Conjurations
 58569 | Crypt:2  | Found the +3 giant club "Skullcrusher" {speed, Str+7}
 58716 | Crypt:2  | Reached skill level 24 in Conjurations
 59402 | Crypt:2  | Noticed an ancient lich
 59408 | Crypt:2  | Killed an ancient lich
 59902 | Crypt:2  | Reached XP level 24. HP: 140/141 MP: 42/45
 59904 | Crypt:2  | Noticed Khufu
 59908 | Crypt:2  | Killed Khufu
 60203 | Crypt:3  | Entered Level 3 of the Crypt
 60538 | Crypt:3  | Identified Muyffiff's Compendium of Unholy Rites
 60541 | Crypt:3  | Identified the amulet "Sanov" {Regen+ Dex+6} (You found it
                  | on level 3 of the Crypt)
 60888 | Crypt:3  | Identified the ring "Giah" {rF+ rC+ rN+ Str+3 Int-4}
 61035 | Crypt:3  | Found a staircase to the Tomb.
 61330 | Crypt:3  | Reached skill level 25 in Conjurations
 61333 | Crypt:3  | Identified the ring "Jextepoh" {rPois rC+ rN+ Int+2}
 61367 | Crypt:3  | Identified the Tome of the Captivating Volcanoes
 61656 | Crypt:3  | Found a basalt altar of Yredelemnul.
 62472 | Crypt:3  | Noticed Jory
 62478 | Crypt:3  | Killed Jory
 62998 | Depths:1 | Entered Level 1 of the Depths
 63466 | Depths:1 | Found a snail-covered altar of Cheibriados.
 63500 | Depths:1 | You are sucked into a shaft and drop 1 floor!
 63587 | Depths:2 | Identified the amulet of the Peasants {Spirit Str+4 Int+6
                  | Stlth-} (You found it on level 2 of the Depths)
 63626 | Depths:2 | Identified the ring of Jitiskyxt {rPois MP+9}
 64203 | Depths:2 | Reached XP level 25. HP: 152/152 MP: 39/46
 64815 | Depths:2 | Found a gateway to Hell.
 64879 | Depths:2 | Found the +3 hat of Pondering {ponderous, Will+ MP+10
                  | Int+5}
 65046 | Depths:2 | Identified the +10 whip of Yhinygg {vorpal, Int+2 Stlth+}
                  | (You found it on level 2 of the Depths)
 65453 | Depths:2 | Reached skill level 10 in Evocations
 66409 | Depths:1 | Found Tixysed's Assorted Antiques.
 66412 | Depths:1 | Bought a runed cloak for 172 gold pieces
 66677 | Depths:1 | Reached skill level 15 in Fighting
 66742 | Depths:1 | Found a one-way gate leading to the halls of Pandemonium.
 66931 | Depths:3 | Found a magical portal.
 66946 | WizLab   | Entered Cigotuvi's Fleshworks
 67160 | WizLab   | Identified Cigotuvi's Volume of Moulding and Evil Arts
 67324 | WizLab   | Found the -2 hat of the Alchemist {rElec rPois rF+ rC+ rN+
                  | Will+ rMut rCorr}
 67598 | Depths:3 | Found a glowing golden altar of the Shining One.
 67608 | Depths:3 | Got a heavily runed crystal amulet
 67609 | Depths:3 | Identified the amulet of Ixont {Acrobat Int+3 Dex+3} (You
                  | found it on level 3 of the Depths)
 67989 | Depths:3 | Learned a level 4 spell: Passage of Golubria
 67994 | Depths:3 | Found a gateway to a ziggurat.
 68139 | Depths:3 | Found a runed translucent door.
 68139 | Depths:3 | Noticed Nr616's ghost (veteran MiBe)
 68156 | Depths:3 | Killed Nr616's ghost
 68541 | Depths:4 | Reached XP level 26. HP: 131/163 MP: 41/47
 68605 | Depths:4 | Found a flickering gateway to a bazaar.
 68652 | Bazaar   | Entered a bazaar
 68652 | Bazaar   | Found Veemaal's Antique Weapon Boutique.
 68659 | Bazaar   | Found Yxistrum's Magic Scroll Emporium.
 68683 | Bazaar   | Found Arulippa's Antique Armour Boutique.
 68694 | Bazaar   | Found Xaoheatu's Gadget Shoppe.
 68695 | Bazaar   | Found Pathau's General Store.
 68710 | Bazaar   | Bought a scroll of identify for 22 gold pieces
 68710 | Bazaar   | Bought a scroll of blinking for 82 gold pieces
 68738 | Bazaar   | Bought a glowing kite shield for 165 gold pieces
 68880 | Depths:4 | Reached skill level 5 in Shields
 68981 | Depths:4 | Noticed a juggernaut
 68987 | Depths:4 | Killed a juggernaut
 69180 | Depths:4 | Found a one-way gate to the infinite horrors of the Abyss.
 69359 | Depths:4 | Reached skill level 10 in Shields
 69868 | Depths:5 | Entered Level 5 of the Depths
 69873 | Depths:5 | Identified Gealuwaqe's Handbook of Lethal Shape Shifting
 70178 | Depths:5 | Noticed a juggernaut
 70186 | Depths:5 | Killed a juggernaut
 70198 | Depths:5 | Noticed a juggernaut
 70201 | Depths:5 | Killed a juggernaut
 70339 | Depths:5 | Acquired a +0 pair of gloves of strength
 70340 | Depths:5 | Acquired an uncursed staff of conjuration
 70511 | Depths:5 | Noticed Margery
 70513 | Depths:5 | Killed Margery
 70625 | Depths:5 | Reached XP level 27. HP: 158/168 MP: 47/47
 71039 | Depths:5 | Found a gate to the Realm of Zot.
 71587 | D:14     | Killed Roxanne
 71588 | D:14     | Reached skill level 15 in Shields
 71790 | D:9      | Killed lis82's ghost
 71790 | D:9      | Killed kalagan's ghost
 72070 | Vaults:5 | Entered Level 5 of the Vaults
 72075 | Vaults:5 | Reached skill level 26 in Conjurations
 72075 | Vaults:5 | Noticed an ancient lich
 72081 | Vaults:5 | Killed an ancient lich
 72251 | Vaults:5 | Reached skill level 27 in Conjurations
 72707 | Vaults:5 | Identified the +2 chain mail of the Monkey {rElec Regen+
                  | rCorr MP-9} (You found it on level 5 of the Vaults)
 72942 | Vaults:5 | Identified the +2 kite shield of the Learner {rN+} (You
                  | found it on level 5 of the Vaults)
 73175 | Vaults:5 | Identified the ring "Muhoczozi" {*Slow rPois rC- rN++
                  | Stlth-}
 73194 | Vaults:5 | Identified the +2 leather armour of Parts Unknown {rN+
                  | Str+4 Dex-3}
 73197 | Vaults:5 | Identified Reizxac's Reference Book on Ice
 73224 | Vaults:5 | Got a silver rune of Zot
 73241 | Vaults:5 | Identified the ring of Uleext {rC- Str+4 Int+6 Slay+6 SInv}
                  | (You found it on level 5 of the Vaults)
 73348 | Vaults:5 | Identified the Incunabulum of the Snowflakes
 73373 | Vaults:5 | Identified the amulet of Fallacy {Inacc +Fly rElec SInv
                  | Stlth-} (You found it on level 5 of the Vaults)
 73862 | Vaults:5 | Learned a level 7 spell: Spellforged Servitor
 73869 | Vaults:5 | Acquired 552 gold pieces
 75317 | Slime:1  | Entered Level 1 of the Pits of Slime
 75775 | Slime:2  | Gained mutation: Armour fits poorly on your strangely
                  | shaped body. [a shining eye]
 76181 | Slime:2  | You are sucked into a shaft and drop 2 floors!
 76414 | Slime:3  | Noticed Dissolution
 76418 | Slime:3  | Killed Dissolution
 76935 | Slime:5  | Entered Level 5 of the Pits of Slime
 77107 | Slime:5  | Noticed the Royal Jelly
 77111 | Slime:5  | Killed the Royal Jelly
 77548 | Slime:5  | Identified the +10 broad axe "Dragon's Funeral" {protect,
                  | Int+5} (You found it on level 5 of the Pits of Slime)
 77613 | Slime:5  | Identified the +2 scimitar of Osous {vorpal, Will+ Int+3}
                  | (You found it on level 5 of the Pits of Slime)
 77622 | Slime:5  | Identified the +9 plate armour "Qeamnuej" {+Inv rElec Str-4
                  | Int+6} (You found it on level 5 of the Pits of Slime)
 77633 | Slime:5  | Got a scintillating steel ring
 77634 | Slime:5  | Identified the ring "Wublemma" {+Blink rN+ Int+3 Stlth+}
                  | (You found it on level 5 of the Pits of Slime)
 77661 | Slime:5  | Identified the Compendium of Transmutation
 77683 | Slime:5  | Got a slimy rune of Zot
 78610 | Elf:1    | Bought a potion of mutation for 112 gold pieces
 78610 | Elf:1    | Bought a potion of heal wounds for 70 gold pieces
 78610 | Elf:1    | Bought a potion of haste for 140 gold pieces
 78853 | Shoals:3 | Bought a potion of lignification for 108 gold pieces
 78853 | Shoals:3 | Bought a ring of the Octopus King for 180 gold pieces
 78853 | Shoals:3 | Found the ring of the Octopus King
 78853 | Shoals:3 | Identified a ring of the Octopus King {rN+ AC+1 EV+1 Str+1
                  | Int+1 Dex+1} (You bought it in a shop on level 3 of the
                  | Shoals)
 80058 | Depths:4 | Voluntarily entered the Abyss.
 80337 | Abyss:3  | Found a corrupted altar of Lugonu.
 80419 | Abyss:3  | Found a corrupted altar of Lugonu.
 80697 | Abyss:3  | Reached skill level 10 in Air Magic
 80781 | Abyss:3  | Got an abyssal rune of Zot
 80804 | Depths:4 | Escaped the Abyss
 81145 | D:13     | Learned a level 8 spell: Chain Lightning
 81599 | Zig:1    | Entered Level 1 of a ziggurat
 81621 | Zig:2    | Entered Level 2 of a ziggurat
 81671 | Zig:3    | Entered Level 3 of a ziggurat
 81710 | Zig:4    | Entered Level 4 of a ziggurat
 81712 | Zig:4    | Noticed Eluphoci the pandemonium lord
 81717 | Zig:4    | Killed Eluphoci the pandemonium lord
 81739 | Zig:4    | Got a glittering copper ring
 81746 | Zig:4    | Got a flickering copper ring
 81748 | Zig:4    | Identified the ring "Ekhloc" {rC+ SInv Stlth-} (You found
                  | it on level 4 of a ziggurat)
 81750 | Zig:4    | Identified the ring "Olenwuhi" {*Tele +Blink rElec rN+
                  | Str+2} (You found it on level 4 of a ziggurat)
 81787 | Zig:5    | Entered Level 5 of a ziggurat
 81791 | Zig:5    | Found the +5 robe of Night {Dark Will+ SInv}
 81809 | Zig:5    | Identified the Handbook of Flamy Summoning
 81828 | Zig:5    | Reached skill level 15 in Air Magic
 81861 | Zig:6    | Entered Level 6 of a ziggurat
 81942 | Zig:7    | Entered Level 7 of a ziggurat
 81969 | Zig:7    | Got an ancient wooden ring
 81970 | Zig:7    | Identified the ring of Optimism {rN+ Str-2 Int+7 SInv
                  | Stlth+} (You found it on level 7 of a ziggurat)
 81996 | Zig:8    | Entered Level 8 of a ziggurat
 82047 | Zig:9    | Entered Level 9 of a ziggurat
 82065 | Zig:9    | Found the +18 shield of the Gong {rElec rN+ Will+ EV-5}
 82069 | Zig:9    | Identified the Grimoire of Warped Toxins
 82158 | Zig:10   | Entered Level 10 of a ziggurat
 82212 | Zig:10   | Identified the Papyrus of Vitriolic Flight
 82234 | Zig:11   | Entered Level 11 of a ziggurat
 82271 | Zig:11   | Identified the Compendium of Noxious Transmigration
 82279 | Zig:11   | Got a flickering bone ring
 82286 | Zig:11   | Identified the ring "Borhock" {*Corrode +Blink rC+ Will+++
                  | AC+4} (You found it on level 11 of a ziggurat)
 82304 | Zig:11   | Learned a level 9 spell: Tornado
 82305 | Zig:12   | Entered Level 12 of a ziggurat
 82313 | Zig:12   | Gained mutation: You tend to lose your temper in combat. [a
                  | neqoxec]
 82409 | Zig:13   | Entered Level 13 of a ziggurat
 82452 | Zig:13   | Found the +9 scales of the Dragon King {rPois rF+ rC+
                  | Will+}
 82461 | Zig:13   | Identified the ring of Utsuc {Str+2 Int+6} (You found it on
                  | level 13 of a ziggurat)
 82467 | Zig:13   | Identified the ring "Xeuxta" {rF++ Will+} (You found it on
                  | level 13 of a ziggurat)
 82529 | Zig:14   | Entered Level 14 of a ziggurat
 82597 | Zig:14   | Identified Ditzui's Catalogue of Intoxication and Arcane
                  | Weapons
 82622 | Zig:14   | Lost mutation: You tend to lose your temper in combat.
                  | [potion of mutation]
 82622 | Zig:14   | Lost mutation: Armour fits poorly on your strangely shaped
                  | body. [potion of mutation]
 82622 | Zig:14   | Gained mutation: You are covered in fur. (AC +1) [potion of
                  | mutation]
 82622 | Zig:14   | Gained mutation: You have a pair of small horns on your
                  | head. [potion of mutation]
 82622 | Zig:14   | Gained mutation: You are partially covered in rugged brown
                  | scales. (AC +1, +3% HP) [potion of mutation]
 82622 | Zig:14   | Gained mutation: You are partially covered in molten
                  | scales. (AC +2) [potion of mutation]
 82755 | Zig:15   | Entered Level 15 of a ziggurat
 82763 | Zig:15   | Noticed a royal mummy
 82767 | Zig:15   | Noticed a royal mummy
 82772 | Zig:15   | Killed a royal mummy
 82773 | Zig:15   | Killed a royal mummy
 82780 | Zig:15   | Noticed a royal mummy
 82782 | Zig:15   | Noticed a royal mummy
 82783 | Zig:15   | Killed a royal mummy
 82789 | Zig:15   | Killed a royal mummy
 82924 | Zig:16   | Entered Level 16 of a ziggurat
 82987 | Zig:16   | Identified the ring of Roshan {+Blink +Fly rElec Will+
                  | Int-3} (You found it on level 16 of a ziggurat)
 83025 | Zig:17   | Entered Level 17 of a ziggurat
 83191 | Zig:18   | Entered Level 18 of a ziggurat
 83215 | Zig:18   | Reached skill level 5 in Staves
 83264 | Zig:18   | Identified the Reference Book on the Earthen Frostbite
 83430 | Zig:19   | Entered Level 19 of a ziggurat
 83438 | Zig:19   | Noticed a juggernaut
 83442 | Zig:19   | Killed a juggernaut
 83445 | Zig:19   | Noticed a juggernaut
 83447 | Zig:19   | Killed a juggernaut
 83450 | Zig:19   | Noticed a juggernaut
 83454 | Zig:19   | Killed a juggernaut
 83456 | Zig:19   | Noticed a juggernaut
 83456 | Zig:19   | Noticed a juggernaut
 83458 | Zig:19   | Killed a juggernaut
 83460 | Zig:19   | Killed a juggernaut
 83461 | Zig:19   | Noticed a juggernaut
 83462 | Zig:19   | Noticed a juggernaut
 83462 | Zig:19   | Killed a juggernaut
 83463 | Zig:19   | Reached skill level 10 in Staves
 83465 | Zig:19   | Killed a juggernaut
 83567 | Zig:19   | Identified the amulet "Luogrox" {Reflect rN+ MP-9 Slay+6
                  | SH+5 Stlth+} (You found it on level 19 of a ziggurat)
 84731 | Hell     | Entered the Vestibule of Hell
 84731 | Hell     | Noticed Geryon
 84738 | Hell     | Killed Geryon
 84872 | Hell     | Found a gateway to the freezing wastes of Cocytus.
 85290 | Hell     | Found a gateway to the ashen valley of Gehenna.
 85366 | Hell     | Found a gateway to the Iron City of Dis.
 85577 | Hell     | Found a gateway to the decaying netherworld of Tartarus.
 85714 | Zot:1    | Entered Level 1 of the Realm of Zot
 85964 | Zot:1    | Noticed an orb of fire
 86129 | Zot:1    | Killed an orb of fire
 88469 | Zot:2    | You are sucked into a shaft and drop 1 floor!
 89024 | Zot:3    | You are sucked into a shaft and drop 1 floor!
 89176 | Zot:3    | Got a bound golden amulet
 89177 | Zot:3    | Identified the amulet "Noilialo" {Regen+ Int+5 Dex+4} (You
                  | found it on level 3 of the Realm of Zot)
 89571 | Zot:3    | Found a runed translucent gate.
 89572 | Zot:3    | Found a runed translucent gate.
 89573 | Zot:3    | Found a runed translucent gate.
 89574 | Zot:3    | Noticed Alunk's ghost (legendary GnFi)
 90838 | Zot:5    | Entered Level 5 of the Realm of Zot
 90928 | Zot:5    | Acquired the +2 pair of gloves of Mental Paralysis {+Blink
                  | rElec}
 90947 | Zot:5    | Found a runed translucent gate.
 90947 | Zot:5    | Noticed happy's ghost (legendary GrDe)
 90948 | Zot:5    | Found a runed translucent gate.
 90948 | Zot:5    | Found a runed translucent gate.
 91651 | Zot:5    | Noticed an orb of fire
 91654 | Zot:5    | Killed an orb of fire
 91757 | Zot:5    | Noticed an orb of fire
 91758 | Zot:5    | Gained mutation: Scrolls take you a little longer to read.
                  | [an orb of fire]
 91761 | Zot:5    | Killed an orb of fire
 91845 | Zot:5    | Lost mutation: You have a pair of small horns on your head.
                  | [potion of mutation]
 91845 | Zot:5    | Lost mutation: Scrolls take you a little longer to read.
                  | [potion of mutation]
 91845 | Zot:5    | Lost mutation: You are partially covered in rugged brown
                  | scales. (AC +1, +3% HP) [potion of mutation]
 91845 | Zot:5    | Gained mutation: You are clumsy. (Dex -2) [potion of
                  | mutation]
 91845 | Zot:5    | Gained mutation: You are dopey. (Int -2) [potion of
                  | mutation]
 91845 | Zot:5    | Lost mutation: You are partially covered in molten scales.
                  | (AC +2) [potion of mutation]
 91845 | Zot:5    | Gained mutation: You are somewhat resistant to further
                  | mutation. [potion of mutation]
 91846 | Zot:5    | Lost mutation: You are somewhat resistant to further
                  | mutation. [potion of mutation]
 91846 | Zot:5    | Lost mutation: You are dopey. (Int -2) [potion of mutation]
 91846 | Zot:5    | Gained mutation: You have an increased reservoir of magic.
                  | (+10% MP) [potion of mutation]
 91846 | Zot:5    | Gained mutation: Your natural rate of healing is unusually
                  | fast. [potion of mutation]
 91927 | Zot:5    | Noticed an ancient lich
 91929 | Zot:5    | Killed an ancient lich
 91983 | Zot:5    | Noticed an ancient lich
 91985 | Zot:5    | Killed an ancient lich
 91995 | Zot:5    | Noticed an ancient lich
 91997 | Zot:5    | Killed an ancient lich
 92006 | Zot:5    | Noticed an ancient lich
 92009 | Zot:5    | Killed an ancient lich
 92307 | Zot:5    | Noticed an orb of fire
 92312 | Zot:5    | Killed an orb of fire
 92412 | Zot:5    | Got the Orb of Zot
 92674 | Depths:5 | Noticed Reulynex the pandemonium lord
 92681 | Depths:5 | Killed Reulynex the pandemonium lord
 93138 | D:$      | Escaped with the Orb!

Illustrated notes

Levels and vault maps discovered:
D:1:      dpeg_arrival_refuge, layout_basic
D:2:      minmay_roachtagon, layout_basic, minmay_misc_feat_hallway,
          corexii_corridor_pit
D:3:      layout_basic, grunt_ministairs_7
D:4:      layout_loops_ring, nicolae_overflow_crystal_walls, lemuel_round_altar,
          minmay_overflow_temple_star_hex, gup_sewer_entry_bubbles,
          minmay_misc_feat_tiny, minmay_cut_off
D:5:      layout_loops_ring, serial_rivers, chequers_serial_rivers_small_a,
          chequers_serial_rivers_marsh, chequers_serial_rivers_micro_a,
          chequers_serial_rivers_room_a, chequers_serial_rivers_large_a,
          st_stairs_8
D:6:      layout_basic, minmay_temple_entry_proselytizer, serial_rivers,
          chequers_serial_rivers_room_a, chequers_serial_rivers_small_b,
          chequers_serial_rivers_micro_c, chequers_serial_rivers_small_b,
          chequers_serial_rivers_small_3, uniq_blork_the_orc
D:7:      layout_gridville
D:8:      layout_rooms, erik_lair_dragon
D:9:      layout_loops_cross, nicolae_tso_swordbearing_angel,
          gammafunk_ghost_cemetery
D:10:     layout_big_octagon, david_orc_3
D:11:     layout_gridville, enter_bailey_2, portal_ice_cave_entry_ice_beasts
D:12:     layout_long_grid, serial_shops, nicolae_shop_overgrown_old_shop
D:13:     wad_mega_maze, layout_long_grid, serial_shops, freezing_bzr,
          nicolae_ru_the_path_less_chosen
D:14:     layout_stronghold, lightli_vaults_fourway_checkpoint,
          lemuel_round_altar, minmay_misc_feat_x, uniq_nessos, uniq_louise,
          uniq_roxanne
D:15:     grunt_enter_depths_hoard, layout_basic, nicolae_benzene_ring,
          ebering_ghost_rock_garden, st_stairs_3, einodemon_barbed_minivault,
          uniq_josephine
Temple:   eino_temple_water
Lair:1:   layout_cave_shapes, serial_bayou_crossing, uniq_gastronok
Lair:2:   layout_chaotic_city, elwin_shoals_entry_stream, serial_bayou_lake_a
Lair:3:   layout_regular_city
Lair:4:   layout_layer_cave, minmay_snake_entry_six_corridors
Lair:5:   layout_regular_city, nicolae_slime_entry_slimehenge,
          kilobyte_rumbling_trees, serial_bayou_shore_a, lemuel_fruit_tree
Lair:6:   wormcave, layout_regular_city, grunt_forest_large_clearing_hut,
          grunt_megastairs_5
Shoals:1: layout_shoals, nicolae_shoals_arrival_archipelago
Shoals:2: layout_shoals, gammafunk_ghost_berserking_beasts, uniq_ilsuiw,
          uniq_polyphemus, uniq_frances
Shoals:3: layout_shoals, gammafunk_ghost_necromancy, serial_shops, shop, shop,
          shop, nicolae_shop_stone, shop,
          nicolae_shoals_siren_and_animal_friends
Shoals:4: shoals_end_grunt_ice, layout_shoals, shoal_ilsuiw,
          nicolae_shoals_loop_pool
Snake:1:  layout_basic
Snake:2:  layout_layer_cave, minmay_shop_grove, uniq_saint_roka, uniq_jorgrun,
          uniq_agnes, uniq_aizul
Snake:3:  layout_onion_interference, grunt_ministairs_3
Snake:4:  snake_hunt, layout_cave_town, serial_shops,
          nicolae_shop_temple_entry_statues_fountains, grunt_megastairs_2
Slime:1:  layout_caves, cheibrodos_slime_lost_civilization_4
Slime:2:  layout_caves
Slime:3:  layout_caves, nicolae_slime_barrier, uniq_dissolution
Slime:4:  layout_caves
Slime:5
Orc:1:    layout_diamond_mine
Orc:2:    kennysheep_orc_mage_school, layout_caves, basic_altar
Elf:1:    elf_arrival_001, layout_onion_city, serial_shops, shop, minivault_28,
          minmay_shoptagon
Elf:2:    layout_rooms, hex_large
Elf:3:    minmay_elf_hall_curves, layout_geoelf_castle
Vaults:1: vaults_room_grunt_arrival_ludios, nicolae_vaults_rhombus_7,
          vaults_room_door_hall, grunt_vaults_funnel, vaults_room_ringed_pool,
          nicolae_vaults_diagonal_hallway_7, ontoclasm_vaults_decontamination,
          v_misc_16, nicolae_vaults_yaktaur_gun_rack, layout_vaults_big_room,
          uniq_asterion, uniq_nikola
Vaults:2: vaults_dpeg_cross, hangedman_vaults_corner_blocks,
          vaults_room_fancy_cross, v_misc_19, ontoclasm_vaults_idyll,
          nicolae_vaults_lopsided_apartments, v_misc_27, v_misc_13,
          ontoclasm_vaults_spin, vaults_room_pool, layout_vaults_omnigrid,
          uniq_xtahua
Vaults:3: hangedman_vaults_stagger, nicolae_vaults_windows_and_doors_thing,
          hangedman_vaults_river_flow, v_misc_33, v_misc_1, vaults_room_corners,
          st_cells, nicolae_vaults_rhombus_7, v_misc_8, v_misc_23,
          layout_vaults_omnibox, dummy_crypt_entry
Vaults:4: hangedman_vaults_unwind, ontoclasm_vaults_echo,
          nicolae_vaults_network_quinsquares
          [nicolae_vaults_network_quincunx_subvault,
          nicolae_vaults_network_quincunx_subvault,
          nicolae_vaults_network_quincunx_subvault,
          nicolae_vaults_network_quincunx_subvault], vaults_room_semicircle,
          ontoclasm_vaults_claustrophobia, v_rooms_4, vaults_room_grid,
          v_misc_10, vaults_room_pools, ontoclasm_vaults_hangar,
          vaults_dpeg_encased_lava, layout_vaults_omnicross, serial_shops,
          bzr_firewalk, serial_hangedman_research
Vaults:5
Crypt:1:  layout_rooms, grunt_crypt_arrival_split
Crypt:2:  ragdoll_tomb_raider, layout_catacombs, st_stairs_12,
          minmay_guarded_unrand_skullcrusher
Crypt:3:  evilmike_haunted_forest, uniq_jory
Depths:1: layout_forbidden_donut, hell_entry, nicolae_wwwww,
          grunt_pan_entry_sceptre, hangedman_decor_diamond_cutter, drop_trap,
          cheibriados_altar_1, minmay_shop_star
Depths:2: radiant_caverns_b_rkd, hell_entry
Depths:3: wander_protected_by_tso, layout_basic, enter_ziggurat_d,
          mu_enter_wizlab_2, gammafunk_ghost_grave, pan_entry, hell_entry,
          hangedman_abyss_or_decor_stabs, minmay_misc_feat_room
Depths:4: minmay_three_patterns, layout_cave_pools, abyss_entry, serial_shops,
          bzr_entry_safe, rand_demon_pan_entry_8, pf_hell_entry_great_geh,
          grunt_decor_one_mirror, infiniplex_staircase_pool_2
Depths:5: grunt_zot_entry_hairpin, layout_cave_pools, grunt_metal_band,
          marbit_kobold_abyss_entry, hangedman_decor_clover_reticule,
          grunt_decor_junction, minmay_alternating_orb, uniq_margery
Hell
Zot:1:    layout_basic, bh_zot_lava_cross, st_stairs_11, nicolae_lava_and_water,
          lemuel_golem_globe
Zot:2:    layout_twisted_circle
Zot:3:    layout_gridlike, gammafunk_ghost_tricky_traps
Zot:4:    layout_concentric_octagons
Zot:5:    layout_gridlike, ebering_ghost_rock_garden

Skill      XL: |  1  2  3  4  5  6  7  8  9 10 11 12 13 14 15 16 17 18 19 20 21 22 23 24 25 26 27 |
---------------+----------------------------------------------------------------------------------+-----
Conjurations   | 2 3 4 6 9 10 12 13 14 16 17 20 22 24 25 27 | 27.0
Fire Magic     | 4 5 6 8 9 10 11 12 13 15 18 19 20 22 25 | 25.2
Spellcasting   | 3 5 8 9 10 13 15 16 17 18 19 22 | 22.0
Fighting       | 2 5 8 9 10 11 12 13 14 16 22 | 22.0
Dodging        | 3 6 7 8 11 12 13 14 15 16 18 23 | 23.0
Evocations     | 3 4 6 7 8 9 10 11 | 11.4
Air Magic      | 6 24 | 24.6
Translocations | 2 3 4 |  4.0
Shields        | 4 14 15 | 15.0
Staves         | 10 | 10.3
Stealth        | |  2.0

Action                   |  1- 3 |  4- 6 |  7- 9 | 10-12 | 13-15 | 16-18 | 19-21 | 22-24 | 25-27 || total
-------------------------+-------+-------+-------+-------+-------+-------+-------+-------+-------++-------
Melee: Short sword       |    35 |    28 |    43 |   124 |   134 |    77 |    29 |       |       ||   470
       Kick              |     6 |     1 |    13 |    30 |    28 |    28 |    14 |    47 |    32 ||   199
       Peck              |     1 |     3 |     7 |    21 |    19 |    10 |    12 |    40 |    21 ||   134
       Dire flail        |       |       |       |     2 |       |       |       |       |       ||     2
       Dagger            |       |       |       |       |       |    11 |     3 |    15 |       ||    29
       Staff             |       |       |       |       |       |       |     9 |   130 |    99 ||   238
       Headbutt          |       |       |       |       |       |       |       |       |     3 ||     3
 Cast: Foxfire           |    44 |    79 |   159 |   254 |   423 |   126 |     7 |       |       ||  1092
       Conjure Flame     |       |     1 |     9 |    22 |    14 |    15 |       |       |       ||    61
       Sticky Flame      |       |       |    12 |    62 |    81 |    60 |    12 |    12 |     3 ||   242
       Fireball          |       |       |     3 |    23 |    70 |   107 |   109 |   116 |   214 ||   642
       Lightning Bolt    |       |       |       |       |    18 |     9 |       |       |       ||    27
       Blink             |       |       |       |       |     5 |     1 |     4 |     9 |    16 ||    35
       Iskenderun's Myst |       |       |       |       |     3 |    14 |     7 |     7 |    31 ||    62
       Starburst         |       |       |       |       |       |   160 |   151 |   147 |   189 ||   647
       Orb of Destructio |       |       |       |       |       |   128 |   170 |    88 |   233 ||   619
       Ignition          |       |       |       |       |       |       |    67 |   102 |   172 ||   341
       Apportation       |       |       |       |       |       |       |    21 |     6 |    38 ||    65
       Fire Storm        |       |       |       |       |       |       |       |    35 |   139 ||   174
       Spellforged Servi |       |       |       |       |       |       |       |       |    16 ||    16
       Passage of Golubr |       |       |       |       |       |       |       |       |     8 ||     8
       Tornado           |       |       |       |       |       |       |       |       |     5 ||     5
       Chain Lightning   |       |       |       |       |       |       |       |       |     1 ||     1
 Abil: Fly               |       |     1 |       |       |       |       |       |     1 |       ||     2
       Stop Flying       |       |       |       |       |       |       |       |     1 |       ||     1
Evoke: Wand              |       |       |       |    18 |       |    16 |     5 |       |     6 ||    45
       Lightning rod     |       |       |       |       |       |     5 |     4 |     5 |     2 ||    16
       Tin of tremorston |       |       |       |       |       |     4 |       |       |     1 ||     5
       Phial of floods   |       |       |       |       |       |     2 |     1 |     1 |       ||     4
       Condenser vane    |       |       |       |       |       |     1 |       |       |     1 ||     2
  Use: Scroll            |       |       |     7 |     7 |     7 |     8 |    15 |     6 |    48 ||    98
       Potion            |       |       |     1 |     4 |     1 |       |     2 |     4 |    11 ||    23
 Stab: Sleeping          |     1 |     4 |     3 |     3 |     2 |       |       |       |       ||    13
       Paralysed         |       |       |       |    18 |       |       |       |       |       ||    18
       Distracted        |       |       |       |     1 |       |       |       |     1 |       ||     2
Armor: Robe              |     7 |     3 |     5 |     1 |       |    23 |    16 |    25 |    15 ||    95
       Steam dragon scal |       |       |       |    22 |    45 |       |       |       |       ||    67
       Skin              |       |       |       |       |       |       |       |       |     1 ||     1
Dodge: Dodged            |    29 |    11 |    50 |   168 |   238 |   261 |   176 |   263 |   309 ||  1505
Block: Buckler           |       |       |       |       |     7 |    77 |    36 |    79 |    16 ||   215
       Kite shield       |       |       |       |       |       |       |       |       |   143 ||   143
